Map: Frozen Temple

Players

Logifresh

  • Race: Protoss Protoss

IMoGsPRIME - Winner!

  • Race: Zerg Zerg
  • League: Master

VOD

Have the link to the VOD?

Description

Time

  • Played on: July 18, 2016, 8:57 p.m.
  • Length: 6:46
Show
View Real Time Build Order
Export as new Build Order

Logifresh Protoss 

Build Orders: 1 Gate Expand, Blink Stalkers 

Get SALT Encoding   

  12  0:01  Probe (Chrono Boost)  
  13  0:11  Probe (Chrono Boost)  
  14  0:18  Pylon  
  14  0:22  Probe (Chrono Boost)  
  15  0:36  Probe (Chrono Boost)  
  15  0:38  Gateway  
  16  0:46  Probe (Chrono Boost)  
  16  0:48  Assimilator  
  18  0:57  Probe (Chrono Boost)  
  18  1:07  Probe (Chrono Boost)  
  19  1:26  Nexus  
  19  1:36  Cybernetics Core  
  19  1:42  Probe (Chrono Boost)  
  20  1:53  Probe (Chrono Boost)  
  23  2:09  Adept  
  23  2:11  Probe (Chrono Boost)  
  23  2:16  Pylon  
  23  2:17  Warp Gate  
  23  2:30  Assimilator  
  23  2:34  Gateway  
  23  2:36  Mothership Core (Chrono Boost)  
  25  2:37  Gateway  
  25  2:45  Probe (Chrono Boost)  
  26  2:51  Pylon  
  26  2:55  Probe (Chrono Boost)  
  27  2:58  Probe (Chrono Boost)  
  28  3:06  Probe (Chrono Boost)  
  28  3:09  Probe (Chrono Boost), Twilight Council  
  30  3:16  Probe (Chrono Boost)  
  32  3:20  Probe (Chrono Boost)  
  32  3:27  Probe (Chrono Boost)  
  33  3:30  Probe (Chrono Boost)  
  33  3:33  Blink, Robotics Facility  
  34  3:37  Probe (Chrono Boost)  
  34  3:41  Probe (Chrono Boost)  
  37  3:49  Probe (Chrono Boost)  
  37  3:51  Probe (Chrono Boost)  
  37  3:55  Pylon  
  38  4:02  Probe (Chrono Boost)  
  39  4:03  Probe (Chrono Boost)  
  40  4:13  Probe (Chrono Boost)  
  41  4:18  Probe (Chrono Boost)  
  41  4:21  Sentry  
  41  4:22  Sentry  
  46  4:26  Warp Prism, Assimilator  
  46  4:28  Assimilator  
  48  4:31  Gateway  
  48  4:33  Gateway  
  48  4:38  Sentry  
  48  4:40  Pylon  
  50  4:48  Stalker  
  52  4:55  Stalker  
  52  4:59  Probe (Chrono Boost)  
  56  5:00  Probe (Chrono Boost)  
  56  5:10  Adept  
  56  5:11  Nexus  
  56  5:12  Adept  
  59  5:17  Probe (Chrono Boost)  
  56  5:28  Stalker  
  58  5:32  Probe (Chrono Boost)  
  57  5:44  Stalker x2  
  59  5:52  Stalker  
  56  5:57  Stalker x2  
  56  6:08  Stalker x2  
  58  6:14  Probe x2 (Chrono Boost)  
  60  6:23  Adept x2  
  60  6:25  Adept  
  62  6:26  Probe (Chrono Boost)  
  62  6:27  Probe (Chrono Boost)  
  63  6:43  Pylon  
  63  6:46  Pylon  
Show
View Real Time Build Order
Export as new Build Order

IMoGsPRIME Zerg - Winner!

Build Orders: Pool First 

Get SALT Encoding   

  12  0:01  Drone  
  13  0:15  Overlord  
  13  0:18  Drone  
  14  0:33  Drone x2  
  16  0:38  Drone  
  17  0:45  Spawning Pool  
  16  0:50  Drone  
  17  1:12  Hatchery  
  17  1:15  Drone  
  17  1:22  Extractor  
  16  1:32  Queen  
  18  1:33  Zergling x2  
  18  1:35  Drone  
  18  1:37  Drone  
  21  1:47  Overlord  
  21  1:55  Drone  
  22  2:07  Queen  
  24  2:16  Drone x2  
  26  2:24  Metabolic Boost  
  26  2:27  Queen  
  28  2:31  Drone  
  28  2:36  Drone  
  30  2:44  Drone x2  
  32  2:51  Queen  
  32  2:57  Overlord  
  34  3:03  Pneumatized Carapace  
  34  3:07  Drone x2  
  36  3:18  Drone  
  37  3:21  Zergling x4  
  37  3:23  Zergling x2  
  37  3:26  Zergling x2  
  41  3:27  Queen  
  43  3:39  Drone  
  43  3:40  Overlord  
  44  3:42  Extractor x2  
  44  3:43  Drone x2  
  44  3:46  Overlord x2  
  46  3:50  Evolution Chamber  
  45  3:58  Zergling x2, Overlord  
  45  3:59  Zergling x4  
  45  4:01  Drone  
  50  4:02  Drone  
  50  4:07  Drone  
  51  4:19  Queen  
  51  4:20  Queen  
  51  4:23  Zergling x4  
  57  4:26  Zergling x2  
  58  4:33  Zergling x8  
  58  4:38  Zergling x6  
  65  4:51  Zergling x2  
  65  4:52  Zergling x6  
  69  4:55  Queen  
  69  4:58  Lair  
  71  5:02  Overlord  
  71  5:03  Overlord  
  71  5:06  Overlord  
  67  5:31  Zergling x2  
  67  5:32  Zergling x2  
  69  5:41  Zergling x2  
  69  5:42  Zergling x14  
  67  5:54  Zergling x4  
  66  6:02  Zergling x2  
  66  6:03  Zergling x2  
  65  6:08  Zergling x2  
  65  6:09  Hatchery  
  57  6:18  Hatchery  
  57  6:25  Hatchery  
Tags
 
Add a new tag
Caveats
  • Supply blocks, unpowered buildings, or Contaminate may cause inaccurate times.
  • Supply counts are checked every 10 seconds.